 Dungeon Crawl Stone Soup version 0.30.1-11-g7821555f0a (webtiles) character file.

Game seed: 14059818108660908873

330 nakki the Shield-Bearer (level 6, -1/53 HPs)
             Began as a Minotaur Fighter on Dec 29, 2023.
             Was an Initiate of the Shining One.
             Succumbed to a water moccasin's poison
             ... on level 4 of the Dungeon.
             The game lasted 00:06:04 (2579 turns).

nakki the Shield-Bearer (Minotaur Fighter)          Turns: 2579, Time: 00:06:04

Health: -1/53      AC: 14    Str: 23    XL:     6   Next: 26%
Magic:  5/5        EV:  5    Int:  5    God:    the Shining One [......]
Gold:   74         SH: 10    Dex:  9    Spells: 5/5 levels left

rFire   . . .        o - +0 whip
rCold   . . .        k - +2 kite shield {reflect}
rNeg    . . .        g - +1 plate armour
rPois   .            (helmet restricted)
rElec   .            (no cloak)
rCorr   .            f - +0 pair of gloves
SInv    .            (no boots)
Will    .....        e - amulet of regeneration Stlth
                     (no ring)
HPRegen 1.08/turn    (no ring)
MPRegen 0.09/turn

%: reflection
@: lethally poisoned (-1 -> -7), hasted, glowing, very quick
A: horns 2, retaliatory headbutt
a: Renounce Religion


You were on level 4 of the Dungeon.
You worshipped the Shining One.
The Shining One was noncommittal.
You visited 1 branch of the dungeon, and saw 4 of its levels.

You collected 74 gold pieces.

Inventory:

Hand Weapons
 a - a +0 long sword
 o - a +0 whip (weapon)
Armour
 f - a +0 pair of gloves (worn)
 g - a +1 plate armour (worn)
 k - a +2 kite shield of reflection (worn)
Jewellery
 e - an amulet of regeneration (around neck)
 h - an amulet of faith
Scrolls
 b - a scroll of immolation
 i - a scroll of poison
 j - a scroll of teleportation
Potions
 d - 3 potions of might


   Skills:
 + Level 4.7 Fighting
 + Level 4.2 Long Blades
 + Level 2.4 Maces & Flails
 + Level 5.0 Armour
 + Level 0.5 Dodging
 + Level 5.4 Shields


You had 5 spell levels left.
You didn't know any spells.
Your spell library was empty.

Dungeon Overview and Level Annotations

Branches:
Dungeon (4/15)
 Temple: D:4-7

Altars:
The Shining One

Annotations:
D:4 Grinder


Innate Abilities, Weirdness & Mutations

You have a pair of horns on your head.
You reflexively headbutt those who attack you in melee.


Message History

You block Grinder's attack. You block the water moccasin's attack.
You hit Grinder.
Grinder is moderately wounded.
You feel sick. Grinder hits you.
You writhe in agony.
The water moccasin bites you.
You barely miss the water moccasin.
The water moccasin is severely wounded.
You feel sick. The water moccasin bites you.
You are more poisoned.
The water moccasin poisons you! Grinder gestures at you.
Pain shoots through your body!
* * * LOW HITPOINT WARNING * * *
You block the water moccasin's attack.
You hit the water moccasin.
Your headbutt misses the water moccasin.
The water moccasin is severely wounded.
You feel very sick. Grinder gestures at you.
You resist with significant effort.
The water moccasin bites you but does no damage.
You feel yourself speed up.
You feel sick. The water moccasin barely misses you.
Grinder hits you but does no damage. You block the water moccasin's attack.
You hit the water moccasin.
Your headbutt misses the water moccasin.
The water moccasin is almost dead.
You feel sick. Grinder hits you.
* * * LOW HITPOINT WARNING * * *
The water moccasin bites you.
* * * LOW HITPOINT WARNING * * *
You are lethally poisoned!
The water moccasin poisons you!
* * * LOW HITPOINT WARNING * * *
You feel very sick.
Grinder blinks!
* * * LOW HITPOINT WARNING * * *
You feel sick.
Found a stone staircase leading down.
You die...

#.####.#.# #.#..#.
..##........#
#.#<....)<######.####
#.....#...# #...#
#.#...#...# #...#
###......... #...#
......5!> #.†.# #.##..##
######...###
##...@..###...........
......#.................
..###.#S#.###...........
#...#.# ######...###
#..(....#.# #...#
#####...... #...#
..#..... #...#
..##..[..# ...# ..#
..#.#..# ##


You could see Grinder and a water moccasin.

Vanquished Creatures
  A phantom (D:4)
  A vampire bat (D:3)
  An iguana (D:3)
  4 adders
  2 worms
  3 dart slugs
  3 fire bats (D:3)
  4 orcs (D:3)
  2 spectral bats (D:3)
  3 bat skeletons (D:3)
  A bat zombie (D:3)
  3 endoplasms
  2 giant cockroaches
  6 goblins
  4 hobgoblins
  2 quokkas
  6 ball pythons
  12 bats
  A bat simulacrum (D:3)
  5 frilled lizards
  7 kobolds
  4 rats
77 creatures vanquished.

Notes
Turn   | Place    | Note
-------+----------+-------------------------------------------
     0 | D:1      | nakki the Minotaur Fighter began the quest for the Orb.
     0 | D:1      | Reached XP level 1. HP: 19/19 MP: 0/0
   103 | D:1      | Reached XP level 2. HP: 24/27 MP: 1/1
   951 | D:2      | Reached XP level 3. HP: 33/33 MP: 2/2
  1871 | D:3      | Identified a scroll of acquirement
  1871 | D:3      | Acquired a +2 kite shield of reflection
  1969 | D:3      | Reached XP level 4. HP: 41/41 MP: 3/3
  2226 | D:3      | Reached skill level 1 in Maces & Flails
  2237 | D:3      | Reached XP level 5. HP: 47/47 MP: 4/4
  2294 | D:3      | Reached skill level 5 in Shields
  2398 | D:3      | Found a glowing golden altar of the Shining One.
  2450 | D:3      | Became a worshipper of the Shining One
  2519 | D:4      | Noticed a phantom
  2534 | D:4      | Killed a phantom
  2535 | D:4      | Reached skill level 5 in Armour
  2535 | D:4      | Reached XP level 6. HP: 51/53 MP: 5/5
  2557 | D:4      | Noticed Grinder
  2558 | D:4      | Noticed a water moccasin
  2567 | D:4      | Paralysed by Grinder for 2 turns
  2577 | D:4      | HP: 2/53 [poisoned by a water moccasin]
  2579 | D:4      | Succumbed to a water moccasin's poison

Illustrated notes

Levels and vault maps discovered:
D:1:      dpeg_arrival_signposts, layout_rooms, kennysheep_doodads
D:2:      minmay_evil_eye, layout_basic, minmay_puff
D:3:      layout_rooms, tso_altar, goddamned_bats
D:4:      layout_loops_cross, amcnicky_altar_gilded,
          mainiacjoe_overflow_tiny_flanked, minmay_temple_entry_waves,
          uniq_grinder, uniq_crazy_yiuf_cottage, uniq_blork_the_orc

Skill      XL: |  1  2  3  4  5 |
---------------+----------------+-----
Fighting       | 4 |  4.7
Shields        | 4 5 |  5.4
Armour         | 4 5 |  5.0
Long Blades    | 3 4 |  4.2
Maces & Flails | 1 2 |  2.4
Dodging        | |  0.5

Action                     |  1- 3 |  4- 6 || total
---------------------------+-------+-------++-------
  Melee: Long sword        |    78 |       ||    78
         Headbutt          |    11 |    22 ||    33
         Whip              |    18 |   144 ||   162
    Use: Scroll            |     9 |     2 ||    11
         Potion            |     3 |     2 ||     5
 Armour: Scale mail        |    13 |       ||    13
         Plate armour      |    47 |   134 ||   181
  Dodge: Dodged            |    32 |    54 ||    86
  Block: Buckler           |    14 |       ||    14
         Kite shield       |    14 |   110 ||   124
         Reflection        |       |     1 ||     1
